 Dungeon Crawl Stone Soup version 0.16-a0-3911-g06eb01e (webtiles) character file.

124 Gorice the Covered (level 5, 0/32 HPs)
             Began as a Gargoyle Fighter on Feb 3, 2015.
             Killed from afar by Natasha (4 damage)
             ... with a magic dart
             ... on level 3 of the Dungeon.
             The game lasted 00:12:19 (2158 turns).

Gorice the Covered (Gargoyle Fighter)               Turns: 2158, Time: 00:12:19

Health: 0/32       AC: 14    Str: 24    XL:     5   Next: 8%
Magic:  5/5        EV:  5    Int:  9    God:
Gold:   80         SH:  9    Dex: 10    Spells: 0 memorised, 4 levels left

rFire  . . .     SeeInvis .     a - +0 long sword
rCold  + . .     Clarity  .     l - +0 chain mail
rNeg   + . .     SustAb   .     c - +0 shield
rPois  ∞         Gourm    .     (no helmet)
rElec  +         Spirit   .     (no cloak)
rCorr  .         Warding  .     (no gloves)
rMut   .         Stasis   .     (no boots)
MR     .....                    (no amulet)
Stlth  ..........               (no ring)
                                (no ring)

@: mighty, not resistant to hostile enchantments, extremely unstealthy
A: big wings, cold resistance 1, negative energy resistance 1, shaggy fur 1,
electricity resistance, unbreathing, petrification resistance, rot immunity, AC
+4
a: Fly


You were on level 3 of the Dungeon.
You were hungry.

You visited 1 branch of the dungeon, and saw 3 of its levels.

You collected 80 gold pieces.

Inventory:

Hand weapons
 a - a +0 long sword (weapon)
 b - a +0 hunting sling
 g - a +2 whip of draining
   (You found it on level 2 of the Dungeon)
Missiles
 n - 12 bolts of frost
 Z - 9 stones (quivered)
Armour
 c - a +0 shield (worn)
 i - a +0 scale mail
 l - a +0 chain mail (worn)
Potions
 f - a potion of curing {unknown}
 j - a potion of ambrosia {!q}
 k - a potion of resistance {!q}
 m - a potion of restore abilities {!q}
 p - a potion of mutation {!q}
Comestibles
 d - a bread ration {!e}
 h - a meat ration {!e}
 o - 11 chunks of flesh


   Skills:
 - Level 3.2 Fighting
 * Level 3.9 Long Blades
 + Level 4.4 Armour
 - Level 3.2 Shields


You had 4 spell levels left.
You didn't know any spells.

Dungeon Overview and Level Annotations

Branches:
Dungeon (3/15)

Altars:
Elyvilon
Sif Muna
Trog

Annotations:
D:2 Sigmund
D:3 Jessica; Natasha; zkyp's ghost, average DECj


Innate Abilities, Weirdness & Mutations

You are resistant to torment.
You are immune to poison.
Your stone body is very resilient (AC +4).
You resist negative energy.
You are resistant to electric shocks.
You can survive without breathing.
You are immune to petrification.
You are immune to rotting.
Your wings are large and strong.
Your flesh is cold resistant.
You are covered in fur (AC +1).


Message History

You kill the goblin!
You block Natasha's attack.
Drink which item? (? for menu, Esc to quit)
Okay, then.
You hit Natasha.
Natasha is moderately wounded.
The crimson imp blinks!
Natasha zaps a wand.
The magic dart hits you!
You completely miss Natasha.
Natasha is moderately wounded.
You block Natasha's attack.
The shadow imp laughs crazily.
You slash Natasha!
Natasha is almost dead.
Natasha casts a spell at you. The magic dart hits you! Natasha stares at you.
You feel disoriented.
Natasha zaps a wand.
The magic dart hits you!
You take 15 damage.
Drink which item? (? for menu, Esc to quit)
Really quaff
e - a potion of might {!q}? [Y]es or [N]o only, please.
Really quaff
e - a potion of might {!q}?
You feel very mighty all of a sudden. You block Natasha's attack.
Your shield and chain mail prevent you from hitting Natasha.
Natasha is almost dead.
The shadow imp disappears in a puff of smoke!
Natasha zaps a wand.
The magic dart hits you!
* * * LOW HITPOINT WARNING * * *
You take 2 damage.
Unknown command.
Drink which item? (? for menu, Esc to quit)
It was a potion of mutation.
You feel extremely strange.
You feel resistant to cold.
Your wings grow larger and stronger.
Fur sprouts all over your body.
Natasha casts a spell at the stone staircase leading down.
A cloud of flames roars to life!
Your shield and chain mail prevent you from hitting Natasha.
Natasha is almost dead.
The crimson imp disappears in a puff of smoke!
Natasha zaps a wand.
The magic dart hits you!
* * * LOW HITPOINT WARNING * * *
You take 5 damage.
Unknown command.
You closely miss Natasha.
Natasha is almost dead.
Natasha stares at you and mumbles some strange words.
The magic dart hits you!
You die...

.....$ >......
....... .......
....### ###...
#.## . .. ... ..
# #..###### ..#
#.# .. #...§)@#
.##..# ..
######h###..#..#
#. #5...#.#..#
####......##
###r....#
#.....# ##.r..#
#....# . #..r##


You could see Natasha and a shadow imp.

Vanquished Creatures
  Ijyb (D:2)
  Robin (D:3)
  3 adders
  3 worms
  2 giant geckos
  2 orcs (D:2)
  5 giant cockroaches
  8 hobgoblins
  2 quokkas (D:3)
  A ball python (D:1)
  2 bats
  4 giant newts
  7 goblins
  3 kobolds
  6 rats
50 creatures vanquished.

Notes
Turn   | Place    | Note
--------------------------------------------------------------
     0 | D:1      | Gorice, the Gargoyle Fighter, began the quest for the Orb.
     0 | D:1      | Reached XP level 1. HP: 14/14 MP: 1/1
    90 | D:1      | Reached skill level 2 in Long Blades
   135 | D:1      | Reached XP level 2. HP: 16/19 MP: 2/2
   947 | D:2      | Reached XP level 3. HP: 13/23 MP: 3/3
  1051 | D:2      | Found a white marble altar of Elyvilon.
  1099 | D:2      | Noticed Sigmund
  1274 | D:2      | Reached skill level 3 in Long Blades
  1456 | D:2      | Reached skill level 4 in Armour
  1617 | D:3      | Noticed Ijyb
  1637 | D:2      | Killed Ijyb
  1637 | D:2      | Reached XP level 4. HP: 26/28 MP: 4/4
  1658 | D:3      | Found a bloodstained altar of Trog.
  1680 | D:3      | Noticed zkyp's ghost (average DECj)
  1712 | D:3      | Noticed Natasha
  1718 | D:3      | HP: 7/28 [Natasha/wand of magic darts (2)]
  1946 | D:3      | Found a deep blue altar of Sif Muna.
  1946 | D:3      | Noticed Jessica
  2109 | D:3      | Noticed Robin
  2132 | D:3      | Killed Robin
  2132 | D:3      | Reached XP level 5. HP: 26/32 MP: 5/5
  2155 | D:3      | HP: 9/32 [Natasha/wand of magic darts (3)]
  2156 | D:3      | Gained mutation: Your flesh is cold resistant. [potion of mutation]
  2156 | D:3      | Gained mutation: Your wings are large and strong. [potion of mutation]
  2156 | D:3      | Gained mutation: You are covered in fur (AC +1). [potion of mutation]
  2157 | D:3      | HP: 4/32 [Natasha/wand of magic darts (5)]
  2158 | D:3      | Killed from afar by Natasha

Action                   |  1- 3 |  4- 6 || total
-------------------------+-------+-------++-------
Melee: Long sword        |   117 |   137 ||   254
 Fire: Hunting sling     |     7 |       ||     7
Throw: Stone             |    11 |       ||    11
  Use: Scroll            |     5 |       ||     5
       Potion            |       |     2 ||     2
  Eat: Chunk             |     2 |     2 ||     4

Table legend:
 A = Turns spent in this place as a percentage of turns spent in the entire game.
 B = Non-inter-level travel turns spent in this place as a percentage of non-inter-level travel turns spent in the entire game.
 C = Inter-level travel turns spent in this place as a percentage of turns spent in this place.
 D = Turns resting spent in this place as a percentage of non-inter-level travel turns spent in this place.
 E = Turns spent auto-exploring this place as a percentage of non-inter-level travel turns spent in this place.
 F = Non-inter-level travel turns spent in this place divided by the number of levels of this place that you've seen.
                   A       B       C       D       E      F
               +-------+-------+-------+-------+-------+----------------------
         Total | 100.0 | 100.0 |   0.7 |   0.7 |   4.2 | 296.0
       Dungeon | 100.0 | 100.0 |   0.7 |   0.7 |   4.2 | 296.0
               +-------+-------+-------+-------+-------+----------------------

Vault maps used:
D:1:      erik_arrival_blinker_ship, serial_bayou_lagoon_a
D:2:      elyvilon_altar_3, minmay_misc_feat_square, uniq_sigmund
D:3:      grunt_temple_overflow_gold_and_silver, grunt_temple_overflow_open,
          gup_sewer_entry_bowl, first_bread, trog_three_pillars_becter,
          uniq_terence, uniq_iyjb, uniq_jessica, uniq_robin, uniq_natasha
